PCL
CALGARY COWBOYS @ GRESHAM GOLD SOULS
07/16/2025
 
TOP OF THE 1ST
Calgary Cowboys batting - Pitching for Gresham Gold Souls : RHP Raúl Contreras
Pitching: RHP Raúl Contreras
Batting: RHB Clark Hodge 0-0: Called Strike
0-1: Ball
1-1: SINGLE (Groundball, 5D)
Batting: RHB Jorge Balencia 0-0: Ball
1-0: Ball
2-0: Called Strike
2-1: Ball
3-1: Base on Balls
Clark Hodge to second
Batting: LHB Terry Maloney 0-0: Called Strike
0-1: Ball
1-1: Ball
2-1: Ball
3-1: Base on Balls
Clark Hodge to third
Jorge Balencia to second
Batting: LHB Miguel Pérez 0-0: Ball
1-0: Called Strike
1-1: Ball
2-1: DOUBLE (Flyball, 8LXD)
Clark Hodge scores
Jorge Balencia scores
Terry Maloney to third
Runner from 3rd tries for Home, SAFE, throw made home
Batting: RHB Tom Yarbrough 0-0: Ball
1-0: Called Strike
1-1: Called Strike
1-2: Ball
2-2: Foul Ball, location: 2F
2-2: Foul Ball, location: 2F
2-2: Ball
3-2: Ground out 6-3 (Groundball, 6)
Miguel Pérez to third
Batting: RHB Shayne Burry 0-0: SINGLE (Groundball, 56D)
Miguel Pérez scores
Batting: LHB Freddy Herrera 0-0: Ball
1-0: Ball
2-0: Foul Ball, location: 2F
2-1: Ball
3-1: Base on Balls
Shayne Burry to second
Batting: RHB Luis Peńa 0-0: Ball
1-0: Foul Ball, location: 2F
1-1: Called Strike
1-2: Ball
2-2: Strikes out looking
Batting: RHB Mario Sánchez 0-0: DOUBLE (Line Drive, 8RD)
Shayne Burry scores
Freddy Herrera to third
Runner from 3rd tries for Home, SAFE, no throw or cutoff
Batting: RHB Clark Hodge 0-0: Ball
1-0: Ball
2-0: Called Strike
2-1: Ball
3-1: Called Strike
3-2: DOUBLE (Flyball, 78XD)
Mario Sánchez scores
Batting: RHB Jorge Balencia 0-0: Fly out, F9 (Line Drive, 9LD)
Top of the 1st over - 7 run(s), 5 hit(s), 0 error(s), 1 left on base; Calgary 7 - Gresham 0
BOTTOM OF THE 1ST
Gresham Gold Souls batting - Pitching for Calgary Cowboys : RHP Esteban Castro
Pitching: RHP Esteban Castro
Batting: LHB Luis Zúńiga 0-0: Called Strike
0-1: Foul Ball, location: 2F
0-2: Ball
1-2: Ground out 4-3 (Groundball, 34)
Batting: RHB Brendan Vigors 0-0: Ball
1-0: Ball
2-0: Ball
3-0: Called Strike
3-1: Called Strike
3-2: Base on Balls
Batting: RHB Arturo Rodríguez 0-0: Called Strike
0-1: Foul Ball, location: 2F
0-2: Strikes out swinging
Batting: RHB Lorenzo Morín 0-0: Ball
1-0: Ball
2-0: Called Strike
Brendan Vigors is caught stealing 2nd base
Bottom of the 1st over - 0 run(s), 0 hit(s), 0 error(s), 0 left on base; Calgary 7 - Gresham 0
TOP OF THE 2ND
Calgary Cowboys batting - Pitching for Gresham Gold Souls : RHP Raúl Contreras
Batting: LHB Terry Maloney 0-0: Ground out U3 (Groundball, 3S)
Batting: LHB Miguel Pérez 0-0: Foul Ball, location: 2F
0-1: Ball
1-1: Foul Ball, location: 2F
1-2: Foul Ball, location: 2F
1-2: Strikes out looking
Batting: RHB Tom Yarbrough 0-0: Ground out 1-3 (Groundball, 13S)
Top of the 2nd over - 0 run(s), 0 hit(s), 0 error(s), 0 left on base; Calgary 7 - Gresham 0
BOTTOM OF THE 2ND
Gresham Gold Souls batting - Pitching for Calgary Cowboys : RHP Esteban Castro
Batting: RHB Lorenzo Morín 0-0: Called Strike
0-1: Ball
1-1: Ball
2-1: Ball
3-1: Called Strike
3-2: Strikes out swinging
Batting: LHB Salvador Ruíz 0-0: Ball
1-0: Ball
2-0: Ball
3-0: Called Strike
3-1: Called Strike
3-2: Foul Ball, location: 2F
3-2: Base on Balls
Batting: RHB Matt Davidson 0-0: Called Strike
0-1: Ball
1-1: Called Strike
1-2: Strikes out swinging
Batting: RHB Manuel Cortéz 0-0: Ball
1-0: Fielders Choice at 2nd, 5-4 (Groundball, 5)
Bottom of the 2nd over - 0 run(s), 0 hit(s), 0 error(s), 0 left on base; Calgary 7 - Gresham 0
TOP OF THE 3RD
Calgary Cowboys batting - Pitching for Gresham Gold Souls : RHP Raúl Contreras
Batting: RHB Shayne Burry 0-0: SINGLE (Line Drive, 78S)
Batting: LHB Freddy Herrera 0-0: Ball
1-0: Called Strike
1-1: Called Strike
1-2: SINGLE (Line Drive, 89S)
Shayne Burry to second
Runner from 2nd tries for 3rd, SAFE, throw made to third
Batting: RHB Luis Peńa 0-0: Ball
1-0: Foul Ball, location: 2F
1-1: Foul Ball, location: 2F
1-2: Foul Ball, location: 2F
1-2: Ball
2-2: Ball
3-2: Foul Ball, location: 2F
3-2: Strikes out looking
Batting: RHB Mario Sánchez 0-0: Called Strike
0-1: Ball
1-1: Ball
2-1: Foul Ball, location: 2F
2-2: Grounds out, U3 (Groundball, 3L)
Shayne Burry scores
Pitching: RHP Carlos Hendrix
Batting: RHB Clark Hodge 0-0: Called Strike
0-1: Called Strike
0-2: Ball
1-2: Fly out, F8 (Flyball, 8LD)
Top of the 3rd over - 1 run(s), 2 hit(s), 0 error(s), 1 left on base; Calgary 8 - Gresham 0
BOTTOM OF THE 3RD
Gresham Gold Souls batting - Pitching for Calgary Cowboys : RHP Esteban Castro
Now in RF: Júlio Soto
Batting: RHB Pablo Castillo 0-0: Ball
1-0: Called Strike
1-1: Ball
2-1: SINGLE (Flyball, 6MD)
Batting: RHB Luke McIndoe 0-0: Foul Ball, location: 2F
0-1: Swinging Strike
0-2: Ball
1-2: Ball
2-2: Foul Ball, location: 2F
2-2: Foul Ball, location: 2F
2-2: Grounds into double play, 6-4-3 (Groundball, 6)
Batting: LHB Luis Zúńiga 0-0: Called Strike
0-1: Ball
1-1: SINGLE (Line Drive, 6MD)
Batting: RHB Brendan Vigors 0-0: Called Strike
0-1: Fly out, F7 (Flyball, 78D)
Bottom of the 3rd over - 0 run(s), 2 hit(s), 0 error(s), 1 left on base; Calgary 8 - Gresham 0
TOP OF THE 4TH
Calgary Cowboys batting - Pitching for Gresham Gold Souls : RHP Carlos Hendrix
Batting: RHB Jorge Balencia 0-0: Ball
1-0: Ball
2-0: Ball
3-0: Called Strike
3-1: Foul Ball, location: 2F
3-2: Foul Ball, location: 2F
3-2: Ground out 5-3 (Groundball, 5S)
Batting: LHB Terry Maloney 0-0: Called Strike
0-1: Ground out 4-3 (Groundball, 4)
Batting: LHB Miguel Pérez 0-0: Called Strike
0-1: SINGLE (Groundball, 5D)
Batting: RHB Tom Yarbrough 0-0: Called Strike
0-1: Ball
1-1: Swinging Strike
1-2: Strikes out looking
Top of the 4th over - 0 run(s), 1 hit(s), 0 error(s), 1 left on base; Calgary 8 - Gresham 0
BOTTOM OF THE 4TH
Gresham Gold Souls batting - Pitching for Calgary Cowboys : RHP Esteban Castro
Batting: RHB Arturo Rodríguez 0-0: Called Strike
0-1: Called Strike
0-2: Foul Ball, location: 2F
0-2: Ball
1-2: Ground out 6-3 (Groundball, 6MS)
Batting: RHB Lorenzo Morín 0-0: Ball
1-0: Fly out, F3 (Popup, 3SF)
Batting: LHB Salvador Ruíz 0-0: Called Strike
0-1: Swinging Strike
0-2: Ball
1-2: Ball
2-2: Ball
3-2: Base on Balls
Batting: RHB Matt Davidson 0-0: Ball
1-0: Called Strike
1-1: Foul Ball, location: 2F
1-2: Ball
2-2: Ball
3-2: Foul Ball, location: 2F
3-2: Foul Ball, location: 2F
3-2: Foul Ball, location: 2F
3-2: SINGLE (Groundball, 4MD)
Salvador Ruíz to second
Salvador Ruíz to third
Batting: RHB Manuel Cortéz 0-0: Called Strike
0-1: Ball
1-1: Ball
2-1: Foul Ball, location: 2F
2-2: Ball
3-2: Hit by Pitch
Matt Davidson to second
Batting: RHB Pablo Castillo 0-0: Swinging Strike
0-1: Ball
1-1: Swinging Strike
1-2: Ball
2-2: SINGLE (Line Drive, 4M)
Salvador Ruíz scores
Matt Davidson to third
Manuel Cortéz to second
Batting: RHB Luke McIndoe 0-0: Ball
1-0: Ball
2-0: Ball
3-0: Called Strike
3-1: Called Strike
3-2: DOUBLE (Groundball, 5L)
Matt Davidson scores
Manuel Cortéz scores
Pablo Castillo to third
Pablo Castillo scores
Batting: LHB Luis Zúńiga 0-0: Foul Ball, location: 2F
0-1: Called Strike
0-2: Strikes out looking
Bottom of the 4th over - 4 run(s), 3 hit(s), 0 error(s), 1 left on base; Calgary 8 - Gresham 4
TOP OF THE 5TH
Calgary Cowboys batting - Pitching for Gresham Gold Souls : RHP Carlos Hendrix
Batting: RHB Shayne Burry 0-0: Called Strike
0-1: Foul Ball, location: 2F
0-2: DOUBLE (Flyball, 78XD)
Batting: LHB Freddy Herrera 0-0: Intentional Walk
Batting: RHB Júlio Soto 0-0: Ball
1-0: Ball
2-0: Ball
3-0: Called Strike
3-1: Base on Balls
Shayne Burry to third
Freddy Herrera to second
Batting: RHB Mario Sánchez 0-0: Ball
1-0: SINGLE (Flyball, 9LM)
Shayne Burry scores
Freddy Herrera to third
Júlio Soto to second
Batting: RHB Clark Hodge 0-0: Called Strike
0-1: Ball
1-1: SINGLE (Groundball, 6MD)
Freddy Herrera scores
Júlio Soto to third
Mario Sánchez to second
Batting: RHB Jorge Balencia 0-0: Ball
1-0: Swinging Strike
1-1: Ground out 4-3 (Groundball, 4S)
Júlio Soto scores
Mario Sánchez to third
Clark Hodge to second
Batting: LHB Terry Maloney 0-0: Called Strike
0-1: Called Strike
0-2: SINGLE (Flyball, 78S)
Mario Sánchez scores
Clark Hodge to third
Runner from 3rd tries for Home, SAFE, no throw or cutoff
Pitching: RHP John Bowden
Batting: LHB Miguel Pérez 0-0: Ball
1-0: Ball
2-0: SINGLE (Groundball, 4MD)
Terry Maloney to second
Batting: RHB Tom Yarbrough 0-0: Foul Ball, location: 2F
0-1: Ball
1-1: Ball
2-1: Ball
3-1: Foul Ball, location: 2F
3-2: Base on Balls
Terry Maloney to third
Miguel Pérez to second
Batting: RHB Shayne Burry 0-0: Foul Ball, location: 2F
0-1: Ball
1-1: Swinging Strike
1-2: Strikes out swinging
Batting: LHB Freddy Herrera 0-0: Swinging Strike
0-1: SINGLE (Line Drive, 89M)
Terry Maloney scores
Miguel Pérez to third
Tom Yarbrough to second
Runner from 3rd tries for Home, SAFE, no throw or cutoff
Batting: RHB Júlio Soto 0-0: Swinging Strike
0-1: SINGLE (Groundball, 6MD) (infield hit)
Tom Yarbrough to third
Freddy Herrera to second
Batting: RHB Mario Sánchez Single, Error in OF, E8, batter to second base
Tom Yarbrough scores
Freddy Herrera scores
Júlio Soto to third
Batting: RHB Clark Hodge 0-0: Ball
1-0: Ball
2-0: Ball
3-0: Called Strike
3-1: Swinging Strike
3-2: Foul Ball, location: 2F
3-2: Ground out U3 (Groundball, 3)
Top of the 5th over - 9 run(s), 8 hit(s), 1 error(s), 2 left on base; Calgary 17 - Gresham 4
BOTTOM OF THE 5TH
Gresham Gold Souls batting - Pitching for Calgary Cowboys : RHP Esteban Castro
Batting: RHB Brendan Vigors 0-0: Hit by Pitch
Pitching: RHP Arthur Benson
Batting: RHB Arturo Rodríguez 0-0: Ball
1-0: Ball
2-0: SINGLE (Line Drive, 4D)
Brendan Vigors to second
Runner from 2nd tries for 3rd, SAFE, throw made to third
Arturo Rodríguez to second
Batting: RHB Lorenzo Morín 0-0: Ground out 5-3 (Groundball, 56)
Brendan Vigors scores
Batting: LHB Salvador Ruíz 0-0: Ball
1-0: Ball
2-0: Ball
3-0: Called Strike
3-1: Foul Ball, location: 2F
3-2: Fly out, F7 (Flyball, 7M)
Batting: RHB Matt Davidson 0-0: Ball
1-0: Swinging Strike
1-1: Ground out 6-3 (Groundball, 6)
Bottom of the 5th over - 1 run(s), 1 hit(s), 0 error(s), 1 left on base; Calgary 17 - Gresham 5
TOP OF THE 6TH
Calgary Cowboys batting - Pitching for Gresham Gold Souls : RHP John Bowden
Pitching: RHP William Tagg
Batting: RHB Jorge Balencia 0-0: Called Strike
0-1: Foul Ball, location: 2F
0-2: Ball
1-2: Ball
2-2: Foul Ball, location: 2F
2-2: DOUBLE (Groundball, 3L)
Batting: LHB Terry Maloney 0-0: Ball
1-0: Ball
2-0: Called Strike
2-1: Ball
3-1: Swinging Strike
3-2: Strikes out looking
Batting: LHB Miguel Pérez 0-0: Ground out 6-3 (Groundball, 6)
Batting: RHB Tom Yarbrough 0-0: Ball
1-0: Called Strike
1-1: Called Strike
1-2: Ball
2-2: Strikes out swinging
Top of the 6th over - 0 run(s), 1 hit(s), 0 error(s), 1 left on base; Calgary 17 - Gresham 5
BOTTOM OF THE 6TH
Gresham Gold Souls batting - Pitching for Calgary Cowboys : RHP Arthur Benson
Batting: RHB Manuel Cortéz 0-0: Ball
1-0: Ball
2-0: Called Strike
2-1: Ball
3-1: Base on Balls
Batting: RHB Pablo Castillo 0-0: Ball
1-0: Foul Ball, location: 2F
1-1: Ball
2-1: Ball
3-1: Grounds into double play, 4-6-3 (Groundball, 34)
Batting: RHB Luke McIndoe 0-0: Ball
1-0: Ball
2-0: Ball
3-0: Called Strike
3-1: Called Strike
3-2: Base on Balls
Pinch Hitting: SHB Sean Carr 0-0: Called Strike
0-1: Fielders Choice at 2nd, 6-4 (Groundball, 6)
Bottom of the 6th over - 0 run(s), 0 hit(s), 0 error(s), 0 left on base; Calgary 17 - Gresham 5
TOP OF THE 7TH
Calgary Cowboys batting - Pitching for Gresham Gold Souls : RHP William Tagg
Now at 2B: Sean Carr
Batting: RHB Shayne Burry 0-0: Ball
1-0: Ball
2-0: Ball
3-0: Base on Balls
Batting: LHB Freddy Herrera 0-0: Bunted foul
0-1: Sac Bunt - play at first, batter OUT! U3
Shayne Burry to second
Batting: RHB Júlio Soto 0-0: Called Strike
0-1: Called Strike
0-2: Foul Ball, location: 2F
0-2: Ball
1-2: SINGLE (Flyball, 8LS)
Shayne Burry to third
Runner from 3rd tries for Home, SAFE, throw made home
Pitching: RHP Arturo Martínez
Batting: RHB Mario Sánchez 0-0: Swinging Strike
0-1: Ball
1-1: SINGLE (Line Drive, 7LM)
Júlio Soto to second
Batting: RHB Clark Hodge 0-0: Swinging Strike
0-1: Ball
1-1: Called Strike
1-2: Strikes out looking
Batting: RHB Jorge Balencia 0-0: Foul Ball, location: 2F
0-1: Ball
1-1: Ball
2-1: Foul Ball, location: 2F
2-2: SINGLE (Line Drive, 34D)
Júlio Soto to third
Mario Sánchez to second
Runner from 3rd tries for Home, SAFE, no throw or cutoff
Batting: LHB Terry Maloney 0-0: Called Strike
0-1: Ball
1-1: Ball
2-1: Foul Ball, location: 2F
2-2: Foul Ball, location: 2F
2-2: Foul Ball, location: 2F
2-2: SINGLE (Groundball, 34D) (infield hit)
Mario Sánchez to third
Jorge Balencia to second
Batting: LHB Miguel Pérez 0-0: Ball
1-0: Fly out, F6 (Line Drive, 6)
Top of the 7th over - 2 run(s), 4 hit(s), 0 error(s), 3 left on base; Calgary 19 - Gresham 5
BOTTOM OF THE 7TH
Gresham Gold Souls batting - Pitching for Calgary Cowboys : RHP Arthur Benson
Pitching: RHP Pedro Leal
Batting: RHB Brendan Vigors 0-0: Called Strike
0-1: Fly out, F9 (Line Drive, 9S)
Batting: RHB Arturo Rodríguez 0-0: Ball
1-0: Ball
2-0: Called Strike
2-1: Foul Ball, location: 2F
2-2: Strikes out swinging
Batting: RHB Lorenzo Morín 0-0: Ball
1-0: Foul Ball, location: 2F
1-1: SOLO HOME RUN (Flyball, 7D), Distance : 370 ft
Batting: LHB Salvador Ruíz 0-0: Called Strike
0-1: Ball
1-1: Ball
2-1: Ball
3-1: Base on Balls
Batting: RHB Matt Davidson 0-0: Ball
1-0: SINGLE (Groundball, 56D)
Salvador Ruíz to second
Batting: RHB Manuel Cortéz 0-0: Called Strike
0-1: Swinging Strike
0-2: Foul Ball, location: 2F
0-2: Strikes out swinging
Bottom of the 7th over - 1 run(s), 2 hit(s), 0 error(s), 2 left on base; Calgary 19 - Gresham 6
TOP OF THE 8TH
Calgary Cowboys batting - Pitching for Gresham Gold Souls : RHP Arturo Martínez
Batting: RHB Tom Yarbrough 0-0: Ball
1-0: Foul Ball, location: 2F
1-1: Called Strike
1-2: Strikes out swinging
Batting: RHB Shayne Burry 0-0: Swinging Strike
0-1: Ball
1-1: Foul Ball, location: 2F
1-2: Ball
2-2: Strikes out swinging
Batting: LHB Freddy Herrera 0-0: Called Strike
0-1: Ground out 1-3 (Groundball, 13S)
Top of the 8th over - 0 run(s), 0 hit(s), 0 error(s), 0 left on base; Calgary 19 - Gresham 6
BOTTOM OF THE 8TH
Gresham Gold Souls batting - Pitching for Calgary Cowboys : RHP Pedro Leal
Now at SS: Iain Liefting
Batting: RHB Pablo Castillo 0-0: Ball
1-0: Called Strike
1-1: Ball
2-1: Foul Ball, location: 2F
2-2: Ground out 6-3 (Groundball, 6)
Batting: RHB Luke McIndoe 0-0: Called Strike
0-1: Called Strike
0-2: Strikes out swinging
Batting: SHB Sean Carr 0-0: Called Strike
0-1: Ball
1-1: SINGLE (Line Drive, 56D)
Batting: RHB Brendan Vigors 0-0: Called Strike
0-1: Ball
1-1: Foul Ball, location: 2F
1-2: Ball
2-2: Ground out 5-3 (Groundball, 5S)
Bottom of the 8th over - 0 run(s), 1 hit(s), 0 error(s), 1 left on base; Calgary 19 - Gresham 6
TOP OF THE 9TH
Calgary Cowboys batting - Pitching for Gresham Gold Souls : RHP Arturo Martínez
Pitching: RHP Ricardo Ontiveros
Batting: RHB Júlio Soto 0-0: Called Strike
0-1: Swinging Strike
0-2: TRIPLE (Flyball, 9LM)
Batting: RHB Mario Sánchez 0-0: Ball
1-0: Ball
2-0: Foul Ball, location: 2F
2-1: Foul Ball, location: 2F
2-2: Foul Ball, location: 2F
2-2: Foul Ball, location: 2F
2-2: Foul Ball, location: 2F
2-2: Strikes out looking
Batting: RHB Clark Hodge 0-0: Ball
1-0: Ball
2-0: Foul Ball, location: 2F
2-1: Fly out, F7 (Flyball, 78D)
Runner from 3rd tags up, SCORES, no throw
Batting: RHB Jorge Balencia 0-0: Fly out, F7 (Flyball, 7D)
Top of the 9th over - 1 run(s), 1 hit(s), 0 error(s), 0 left on base; Calgary 20 - Gresham 6
BOTTOM OF THE 9TH
Gresham Gold Souls batting - Pitching for Calgary Cowboys : RHP Pedro Leal
Batting: RHB Arturo Rodríguez 0-0: Called Strike
0-1: Foul Ball, location: 2F
0-2: Foul Ball, location: 2F
0-2: Ball
1-2: Strikes out swinging
Batting: RHB Lorenzo Morín 0-0: Ball
1-0: Called Strike
1-1: Foul Ball, location: 2F
1-2: Ball
2-2: Ball
3-2: Strikes out swinging
Batting: LHB Salvador Ruíz 0-0: Ball
1-0: Swinging Strike
1-1: SOLO HOME RUN (Flyball, 9D), Distance : 405 ft
Batting: RHB Matt Davidson 0-0: Ball
1-0: Called Strike
1-1: Ball
2-1: Ball
3-1: Called Strike
3-2: Strikes out swinging
Bottom of the 9th over - 1 run(s), 1 hit(s), 0 error(s), 0 left on base; Calgary 20 - Gresham 7
This league is powered by Out of the Park Baseball, the baseball management simulation game for PC, Mac and Linux
Tuesday, August 2nd, 2016 - OOTP Baseball 16.8 Build 38